 Dungeon Crawl Stone Soup version 0.30.1-6-gbe392663c4 (webtiles) character file.

Game seed: 16705705442377204740

430 safid the Chiller (level 6, -1/48 HPs)
             Began as a Merfolk Ice Elementalist on Sept 20, 2023.
             Succumbed to Edmund's poison
             ... on level 4 of the Dungeon.
             The game lasted 00:04:37 (4157 turns).

safid the Chiller (Merfolk Ice Elementalist)        Turns: 4157, Time: 00:04:38

Health: -1/48      AC: 11    Str:  8    XL:     6   Next: 99%
Magic:  5/21       EV: 12    Int: 16    God:
Gold:   153        SH:  0    Dex: 15    Spells: 4/13 levels left

rFire   . . .        A - +3 whip (pain)
rCold   + . .        (no shield)
rNeg    . . .        a - +0 robe
rPois   .            t - +1 helmet
rElec   .            (no cloak)
rCorr   .            (no gloves)
SInv    .            w - +0 pair of boots
Will    .....        (no amulet)
Stlth   ++           o - ring of magical power
HPRegen 0.28/turn    (no ring)
MPRegen 0.17/turn

%: no passive effects
@: brilliant, lethally poisoned (-1 -> -13), ice-armoured, freezing walls
A: (nimble swimmer 2), mertail, cold resistance 1, deterioration 1, wild magic 1
a: no special abilities


You were on level 4 of the Dungeon.
You visited 1 branch of the dungeon, and saw 4 of its levels.

You collected 153 gold pieces.

Inventory:

Hand Weapons
 A - a +3 whip of pain (weapon)
Armour
 a - a +0 robe (worn)
 t - a +1 helmet (worn)
 w - a +0 pair of boots (worn)
Jewellery
 o - a ring of magical power (left hand)
Scrolls
 c - 6 scrolls of identify {unknown}
 d - 2 scrolls of butterflies {unknown}
 f - 4 scrolls of teleportation {unknown}
 h - a scroll of amnesia {unknown}
 j - a scroll of fear {unknown}
 k - a scroll of magic mapping {unknown}
 m - a scroll of vulnerability {unknown}
 r - 2 scrolls of enchant armour {unknown}
 u - a scroll of acquirement {unknown}
 v - a scroll of fog {unknown}
 x - a scroll of immolation {unknown}
 y - a scroll of blinking {unknown}
Potions
 b - a potion of magic
 e - a potion of flight {unknown}
 i - a potion of lignification {unknown}
 l - a potion of invisibility {unknown}
 n - 3 potions of mutation
 p - 3 potions of brilliance
 q - 2 potions of ambrosia {unknown}
 z - a potion of heal wounds {unknown}


   Skills:
 + Level 4.1 Fighting
 - Level 2.6 Dodging
 - Level 2.1 Stealth
 + Level 4.1 Spellcasting
 + Level 6.2 Ice Magic


You had 4 spell levels left.
You knew the following spells:

 Your Spells              Type           Power      Damage    Failure   Level
a - Freeze                Ice            100%       1d10      2%          1
b - Frozen Ramparts       Ice            90%        1d14      6%          3
c - Ozocubu's Armour      Ice            45%        N/A       6%          3
d - Blink                 Tloc           12%        N/A       34%         2

Your spell library contained the following spells:

 Spells                   Type           Power      Damage    Failure   Level
 Sandblast                Erth           12%        2d6       24%         1
 Shock                    Conj/Air       24%        1d4       24%         1
 Lesser Beckoning         Tloc           12%        N/A       34%         2
 Momentum Strike          Conj/Tloc      12%        3d8       34%         2
 Passwall                 Tmut/Erth      5%         N/A       34%         2
 Scorch                   Fire           12%        2d5       34%         2
 Summon Ice Beast         Ice/Summ       25%        N/A       52%         4
 Call Canine Familiar     Summ           6%         N/A       54%         3
 Portal Projectile        Hex/Tloc       12%        N/A       54%         3
 Stone Arrow              Conj/Erth      12%        3d7       54%         3
 Tukima's Dance           Hex            6%         N/A       54%         3
 Flame Wave               Conj/Fire      6%         2d5       90%         4
 Leda's Liquefaction      Hex/Erth       3%         N/A       90%         4
 Blade Hands              Tmut           3%         N/A       99%         5
 Summon Cactus Giant      Summ           3%         N/A       100%        6


Dungeon Overview and Level Annotations

Branches:
Dungeon (4/15)
 Temple: D:4-7

Altars:
Elyvilon
Okawaru


Innate Abilities, Weirdness & Mutations

((You are very nimble when in or above water. (Stealth+, EV+, Speed+++)))
Your lower body shifts to a powerful aquatic tail in water.
Your flesh is cold resistant. (rC+)
Your body sometimes deteriorates upon taking damage.
Your spells are a little harder to cast, but a little more powerful.


Message History

You freeze Edmund.
Edmund is almost dead.
You feel very sick.
The wall freezes Edmund but does no damage.
Edmund hits you but does no damage.
You are lethally poisoned!
Casting: Freeze (safe; 1% risk of failure)
Confirm with . or Enter, or press ? or * to list all spells.
Aiming: Freeze (safe; 1% risk of failure)
Press: ? - help, Shift-Dir - straight line, f/p - Edmund
Aim: Edmund, wielding a +2 flail of venom and wearing a +0 chain mail (almost dead)
You freeze Edmund.
Edmund is almost dead.
* * * LOW HITPOINT WARNING * * *
You feel very sick.
The wall freezes Edmund.
Edmund hits you with a +2 flail of venom.
* * * LOW HITPOINT WARNING * * *
You are more poisoned.
Casting: Freeze (safe; 1% risk of failure)
Confirm with . or Enter, or press ? or * to list all spells.
Aiming: Freeze (safe; 1% risk of failure)
Press: ? - help, Shift-Dir - straight line, f/p - Edmund
Aim: Edmund, wielding a +2 flail of venom and wearing a +0 chain mail (almost dead)
You freeze Edmund.
You kill Edmund!
* * * LOW HITPOINT WARNING * * *
You feel very sick.
Your Fighting skill increases to level 4!
Your Spellcasting skill increases to level 4!
Your Ice Magic skill increases to level 6!
Unknown command.
It was a potion of mutation.
You feel extremely strange.
You feel yourself wasting away.
You feel resistant to cold.
You feel less in control of your magic.
* * * LOW HITPOINT WARNING * * *
You feel very sick.
It was a potion of brilliance.
You feel clever all of a sudden.
You die...

.# #......###
.#.#.#.#.#####..†)..
$.........###.......
##.#.#.#.#......####
###.........###..##
..#.#.#.#.###...#
#$........##).###
#.##.#.#.#.#...†[.##
#...)@....[...)†...##
#.##.#.#.#>#........#
...####...........#
#### #...........#
##....[....##
##(..#......
########.... ....
...>


There were no monsters in sight!

Vanquished Creatures
  Edmund (D:4)
  A black bear (D:4)
  10 adders
  3 gnolls (D:2)
  3 worms
  5 orcs
  10 ball pythons
  13 endoplasms
  3 giant cockroaches
  8 goblins
  7 hobgoblins
  4 jackals (D:2)
  2 quokkas
  6 bats
  2 frilled lizards (D:2)
  8 kobolds
  7 rats
93 creatures vanquished.

Notes
Turn   | Place    | Note
-------+----------+-------------------------------------------
     0 | D:1      | safid the Merfolk Ice Elementalist began the quest for the
                  | Orb.
     0 | D:1      | Reached XP level 1. HP: 13/13 MP: 3/3
   189 | D:1      | Reached XP level 2. HP: 11/20 MP: 0/5
   301 | D:1      | Reached skill level 1 in Fighting
   888 | D:2      | Reached XP level 3. HP: 24/26 MP: 2/6
  1310 | D:2      | Reached skill level 5 in Ice Magic
  1310 | D:2      | Reached XP level 4. HP: 12/33 MP: 8/8
  1319 | D:2      | Learned a level 3 spell: Frozen Ramparts
  1323 | D:2      | Learned a level 3 spell: Ozocubu's Armour
  1745 | D:2      | Found a faded altar of an unknown god.
  1752 | D:2      | Got Plato's Guide on Conflict
  1856 | D:2      | Reached XP level 5. HP: 39/39 MP: 9/9
  1947 | D:2      | Learned a level 2 spell: Blink
  2763 | D:3      | Found an iron altar of Okawaru.
  3546 | D:3      | Found a white marble altar of Elyvilon.
  3838 | D:4      | Noticed a black bear
  3846 | D:4      | Killed a black bear
  3847 | D:4      | Reached XP level 6. HP: 46/47 MP: 11/11
  4135 | D:4      | Noticed Edmund
  4155 | D:4      | Killed Edmund
  4156 | D:4      | Reached skill level 6 in Ice Magic
  4156 | D:4      | Gained mutation: Your body sometimes deteriorates upon
                  | taking damage. [potion of mutation]
  4156 | D:4      | Gained mutation: Your flesh is cold resistant. (rC+)
                  | [potion of mutation]
  4156 | D:4      | Gained mutation: Your spells are a little harder to cast,
                  | but a little more powerful. [potion of mutation]
  4156 | D:4      | HP: 2/48 [poisoned by Edmund]
  4157 | D:4      | Succumbed to Edmund's poison

Illustrated notes

Levels and vault maps discovered:
D:1:      co_arrival_square_in_a_square_in_a_square, layout_basic
D:2:      minmay_thinvault, layout_loops_ring,
          shapermc_ecumenical_altar_rom_forum, roderic_serpentine_path
D:3:      layout_loops_corners, elyvilon_altar_1,
          mainiacjoe_overflow_six_doors_small, minmay_misc_feat_ornament,
          minivault_25, solitary_fountain
D:4:      layout_rooms, st_stairs_9, kennysheep_generic_room_11, uniq_edmund,
          uniq_blork_the_orc

Skill      XL: |  1  2  3  4  5  6 |
---------------+-------------------+-----
Fighting       | 1 2 3 4 |  4.1
Ice Magic      | 5 6 |  6.2
Spellcasting   | 3 4 |  4.1
Dodging        | |  2.6
Stealth        | |  2.1

Action                     |  1- 3 |  4- 6 || total
---------------------------+-------+-------++-------
  Melee: Short sword       |   100 |   122 ||   222
         Punch             |     2 |       ||     2
         Whip              |       |    25 ||    25
   Cast: Freeze            |    22 |    57 ||    79
         Frozen Ramparts   |       |     6 ||     6
         Ozocubu's Armour  |       |     3 ||     3
    Use: Potion            |       |     2 ||     2
   Stab: Sleeping          |     2 |     6 ||     8
 Armour: Robe              |    22 |    44 ||    66
  Dodge: Dodged            |    89 |   125 ||   214
